 Dungeon Sprint DCSS version 0.26.1-11-gd32895ea62 (webtiles) character file.

Game seed: 16578257161395637324

264 Zeld the Cleaver (level 5, -9/52 HPs)
             Began as a Minotaur Berserker on June 14, 2021.
             Was a Believer of Trog.
             Splashed by a jelly's acid (11 damage)
             ... in the Dungeon (Sprint I: "Red Sonja").
             The game lasted 00:00:23 (1005 turns).

Zeld the Cleaver (Minotaur Berserker)               Turns: 1005, Time: 00:00:24

Health: -9/52      AC: -13   Str: 23    XL:     5   Next: 98%
Magic:  4/4        EV: 14    Int:  4    God:    Trog [**....]
Gold:   183        SH:  0    Dex:  9    Spells: 4/4 levels left

rFire    . . .     SeeInvis .   a - +0 hand axe
rCold    . . .     Faith    .   (no shield)
rNeg     . . .     Spirit   .   b - +0 animal skin
rPois    .         Reflect  .   (helmet restricted)
rElec    .         Harm     .   (no cloak)
rCorr    .         Rampage  .   (no gloves)
Will     .....     NoTele   +   (no boots)
Stlth    +.........             (no amulet)
HPRegen  0.17/turn              (no ring)
MPRegen  0.09/turn              (no ring)

@: corroded
A: retaliatory headbutt, horns 2
a: Renounce Religion, Berserk, Trog's Hand


You were in the Dungeon.
You worshipped Trog.
Trog was pleased with you.
You visited 1 branch You collected 183 gold pieces.

Inventory:

Hand Weapons
 a - a +0 hand axe (weapon)
Armour
 b - a +0 animal skin (worn)
Wands
 i - a wand of flame (12)
Scrolls
 h - a scroll of blinking
Potions
 c - a potion of curing
 d - a potion of heal wounds
 e - a potion of haste
 f - 2 potions of magic
 g - a potion of berserk rage


   Skills:
 + Level 7.5 Fighting
 * Level 10.0 Axes
 + Level 7.0 Armour
 + Level 6.4 Dodging


You had 4 spell levels left.
You didn't know any spells.
Your spell library was empty.

Dungeon Overview and Level Annotations

Branches:
Dungeon (1/1)

Altars:
Sif Muna
Vehumet
Wu Jian


Innate Abilities, Weirdness & Mutations

You reflexively headbutt those who attack you in melee.
You have a pair of horns on your head.


Message History

You completely miss the jelly. Your headbutt misses the jelly.
The jelly is moderately wounded.
The jelly closely misses you. You furiously retaliate!
You headbutt the jelly, but do no damage.
You hit the jelly but do no damage.
Your hands burn!
The jelly is moderately wounded.
The jelly hits you. The acid corrodes you!
You are splashed with acid!
* * * LOW HITPOINT WARNING * * *
You hit the jelly but do no damage.
Your hands burn!
* * * LOW HITPOINT WARNING * * *
The jelly is moderately wounded.
The jelly closely misses you. You furiously retaliate!
You headbutt the jelly!
Okay, then.
You hit the jelly. The acid corrodes you!
Your hands burn!
* * * LOW HITPOINT WARNING * * *
The jelly is almost dead.
The jelly hits you.
* * * LOW HITPOINT WARNING * * *
You are splashed with acid!
You die...

################
#<.#..)..#..'..#
#..'[.#..').#..+
#..#####'#####'#
#..# #..# #[#
#..# #### #@#
#..# #J.+ #⌠⌠#
..._# ####
#_.#+# ##+


You could see a jelly.

Vanquished Creatures
  Sigmund (D)
  An ogre (D)
  Ijyb (D)
3 creatures vanquished.

Vanquished Creatures (others)
  A gargoyle (D)
1 creature vanquished.

Grand Total: 4 creatures vanquished

Notes
Turn   | Place    | Note
-------+----------+-------------------------------------------
     0 | D        | Zeld the Minotaur Berserker began the quest for the Orb.
     0 | D        | Reached XP level 1. HP: 19/19 MP: 0/0
     2 | D        | Noticed Ijyb
     7 | D        | Killed Ijyb
     8 | D        | Reached skill level 5 in Axes
     8 | D        | Reached XP level 2. HP: 18/28 MP: 1/1
   270 | D        | Noticed an ogre
   272 | D        | Killed an ogre
   273 | D        | Reached skill level 7 in Axes
   273 | D        | Reached skill level 5 in Armour
   273 | D        | Reached XP level 3. HP: 37/37 MP: 2/2
   273 | D        | Reached XP level 4. HP: 44/44 MP: 3/3
   523 | D        | Noticed Sigmund
   529 | D        | Killed Sigmund
   529 | D        | Reached ** piety under Trog
   530 | D        | Reached skill level 10 in Axes
   530 | D        | Reached XP level 5. HP: 52/52 MP: 4/4
   585 | D        | Killed a gargoyle
   994 | D        | Found an ornate altar of the Wu Jian Council.
   994 | D        | Found a shimmering blue altar of Sif Muna.
   996 | D        | Found a radiant altar of Vehumet.
  1005 | D        | HP: 2/52 [jelly (2)]
  1005 | D        | Splashed by a jelly's acid

Illustrated notes

Levels and vault maps discovered:
D:        dungeon_sprint_1 [red_sonja_temple_1, red_sonja_temple_small_1]

Skill      XL: |  1  2  3  4 |
---------------+-------------+-----
Fighting       | 4 6 7 |  7.5
Axes           | 5 7 10 | 10.0
Armour         | 3 5 7 |  7.0
Dodging        | 3 4 6 |  6.4

Action                   |  1- 3 |  4- 6 || total
-------------------------+-------+-------++-------
Melee: Hand axe          |     4 |    11 ||    15
       Headbutt          |     1 |     1 ||     2
Invok: Berserk           |     2 |     1 ||     3
Dodge: Dodged            |     1 |     6 ||     7
